 Dungeon Crawl Stone Soup version 0.23-a0-629-gae4348f6cf (webtiles) character file.

62 HereIgoKillingAgain the Chopper (level 4, -4/39 HPs)
             Began as a Hill Orc Fighter on Dec 26, 2018.
             Slain by Sigmund
             ... wielding a +0 scythe
              (6 damage)
             ... on level 2 of the Dungeon.
             The game lasted 00:01:15 (1377 turns).

HereIgoKillingAgain the Chopper (Hill Orc Fighter)  Turns: 1377, Time: 00:01:15

Health: -4/39      AC:  6    Str: 21 (23) XL:     4   Next: 8%
Magic:  4/4        EV:  7    Int:  8 (9)  God:
Gold:   37         SH: 11    Dex:  8 (10) Spells: 3/3 levels left

rFire    . . .     SeeInvis .   a - +0 war axe
rCold    . . .     Gourm    .   k - +2 shield
rNeg     . . .     Faith    .   b - +0 scale mail
rPois    .         Spirit   .   (no helmet)
rElec    .         Reflect  .   (no cloak)
rCorr    .         Harm     .   (no gloves)
MR       .....                  (no boots)
Stlth    ..........             (no amulet)
HPRegen  0.13/turn              (no ring)
MPRegen  0.09/turn              (no ring)

@: mighty
A: no striking features
a: no special abilities


You were on level 2 of the Dungeon.
You were not hungry.

You visited 1 branch of the dungeon, and saw 2 of its levels.

You collected 37 gold pieces.

Inventory:

Hand Weapons
 a - a +0 war axe (weapon)
Armour
 b - a +0 scale mail (worn)
 k - a +2 shield (worn)
Scrolls
 e - a scroll of teleportation {unknown}
 g - a scroll of amnesia {unknown}
 h - a scroll of remove curse {unknown}
 j - a scroll of identify {unknown}
Comestibles
 f - 4 rations


   Skills:
 - Level 3.6 Fighting
 + Level 5.6 Axes
 - Level 3.2 Armour
 - Level 3.2 Shields


You had 3 spell levels left.
You didn't know any spells.
Your spell library was empty.

Dungeon Overview and Level Annotations

Branches:
Dungeon (2/15)

Altars:
Hepliaklqana

Annotations:
D:2 Sigmund


Message History

The puff of flame hits you!
* * * LOW HITPOINT WARNING * * *
Your shield and scale mail prevent you from hitting Sigmund.
Sigmund hits you with a +0 scythe.
* * * LOW HITPOINT WARNING * * *
You hit Sigmund.
Sigmund is lightly wounded.
Sigmund mumbles some strange words.
Sigmund flickers and vanishes!
Deactivating autopickup; reactivate with Ctrl-A.
You barely miss something. Something hits you!
* * * LOW HITPOINT WARNING * * *
You miss something. Something hits you but does no damage.
It was a potion of degeneration.
There was something very wrong with that liquid.
You feel weakened.
You feel dopey.
You feel clumsy. Something hits you but does no damage.
Your shield prevents you from hitting something.
Something hits you.
You die...

#......[......#.# #.#
#... #.###########.#.#
#.# #### #.#
#.........#.# #.# #.#
#†#######.#.# #.# #.#
#.# #.#.# #.#######
#.# #.#######.#
#........ #.#
#.........# #
#########
##.#############.#####
#........÷....@{g.....
################......
..... .... ... .. .


You could see a hobgoblin.

Vanquished Creatures
  3 adders (D:2)
  A worm (D:2)
  5 bats (D:2)
  3 giant cockroaches
  4 goblins (D:2)
  4 hobgoblins
  2 jackals (D:1)
  3 kobolds
  2 frilled lizards
  2 rats
29 creatures vanquished.

Notes
Turn   | Place    | Note
-------+----------+-------------------------------------------
     0 | D:1      | HereIgoKillingAgain the Hill Orc Fighter began the quest
                  | for the Orb.
     0 | D:1      | Reached XP level 1. HP: 19/19 MP: 1/1
    69 | D:1      | Reached skill level 3 in Axes
   482 | D:1      | Reached XP level 2. HP: 26/26 MP: 2/2
   606 | D:2      | Reached skill level 4 in Axes
   638 | D:2      | Found a hazy altar of Hepliaklqana.
   665 | D:2      | Reached XP level 3. HP: 31/31 MP: 3/3
   873 | D:2      | Reached skill level 5 in Axes
  1286 | D:2      | Reached XP level 4. HP: 39/39 MP: 4/4
  1350 | D:2      | Noticed Sigmund
  1374 | D:2      | HP: 1/39 [something (8)]
  1377 | D:2      | Slain by Sigmund

Vault maps used:
D:1:      mushboom_english_gardens
D:2:      lemuel_round_altar, kennysheep_generic_room_8, uniq_sigmund

Skill      XL: |  1  2  3 |
---------------+----------+-----
Axes           | 3 4 5 |  5.6
Fighting       | |  3.6
Armour         | |  3.2
Shields        | |  3.2

Action                   |  1- 3 |  4- 6 || total
-------------------------+-------+-------++-------
Melee: War axe           |    92 |    30 ||   122
  Use: Potion            |       |     2 ||     2
  Eat: Chunk             |     1 |     1 ||     2
Armor: Scale mail        |    36 |    17 ||    53
Dodge: Dodged            |    23 |     5 ||    28
Block: Shield            |    55 |    14 ||    69

Table legend:
 A = Non-vault XP
 B = Vault XP
 C = Vault XP percentage of total XP
 D = Non-vault monster count
 E = Vault monster count
 F = Vault count percentage of total count
                 A         B        C        D         E       F
            +---------+---------+-------+---------+---------+-------
      Total |      89 |       0 |   0.0 |      29 |       0 |   0.0
            +---------+---------+-------+---------+---------+-------
        D:1 |      13 |       0 |   0.0 |       8 |       0 |   0.0
        D:2 |      76 |       0 |   0.0 |      21 |       0 |   0.0
            +---------+---------+-------+---------+---------+-------
